 Dungeon Crawl Stone Soup version 0.25-a0-413-g3b4b6a4ccc (webtiles) character file.

Game seed: 4727520916286712896, levelgen mode: deterministic

45742 Borgoz the Fighter (level 14, -1/94 HPs)
             Began as a Gargoyle Berserker on Jan 16, 2020.
             Was an Elder of Trog.
             Slain by an eight-headed hydra (8 damage)
             ... on level 6 of the Lair of Beasts.
             The game lasted 00:34:35 (17797 turns).

Borgoz the Fighter (Gargoyle Berserker)            Turns: 17797, Time: 00:34:36

Health: -1/94      AC: 33    Str: 26    XL:     14   Next: 34%
Magic:  4/4        EV: 14    Int:  8    God:    Trog [****..]
Gold:   1192       SH:  0    Dex: 15    Spells: 13/13 levels left

rFire    + + .     SeeInvis +   v - +4 dire flail of Crawling {antimagic, rF++ Str+3}
rCold    + . .     Gourm    .   (shield currently unavailable)
rNeg     + . .     Faith    .   h - +4 plate armour {rPois}
rPois    ∞         Spirit   .   (no helmet)
rElec    +         Reflect  .   B - scarf {cloud immunity}
rCorr    .         Harm     .   S - +0 pair of gloves {Dex+3}
MR       +++..                  k - +0 pair of boots
Stlth    ..........             m - amulet of the acrobat
HPRegen  1.25/turn              P - ring of see invisible
MPRegen  0.09/turn              D - ring of protection from cold

@: regenerating
A: big wings, negative energy resistance 1, electricity resistance, unbreathing,
petrification resistance, rot immunity, AC +10
a: Fly, Berserk, Trog's Hand, Brothers in Arms, Renounce Religion


You were on level 6 of the Lair of Beasts.
You worshipped Trog.
Trog was greatly pleased with you.
You were not hungry.

You visited 2 branches of the dungeon, and saw 16 of its levels.
You also visited: Ossuary, Bailey and Gauntlet.

You collected 1192 gold pieces.

Inventory:

Hand Weapons
 v - the +4 dire flail of Crawling (weapon) {antimagic, rF++ Str+3}
   (Trog gifted it to you on level 5 of the Lair of Beasts)

   It reduces the magical energy of the wielder, and disrupts the spells and
   magical abilities of those hit.
   Natural abilities and divine invocations are not affected.
   It affects your strength (+3).
   It greatly protects you from fire.
Missiles
 A - 12 throwing nets (quivered)
Armour
 h - a +4 plate armour of poison resistance (worn)
 k - a +0 pair of boots (worn)
 B - a scarf of cloud immunity (worn)
 S - a +0 pair of gloves of dexterity (worn)
Jewellery
 m - an amulet of the acrobat (around neck)
 s - an uncursed amulet of guardian spirit
 u - the ring "Fexzi" {rElec rF- rN+++ EV+1 Dex-3}
   (You found it in a Gauntlet)

   [ring of evasion]

   It affects your evasion (+1).
   It affects your dexterity (-3).
   It makes you vulnerable to fire.
   It insulates you from electricity.
   It renders you almost immune to negative energy.
 C - an uncursed ring of fire
 D - a ring of protection from cold (right hand)
 P - a ring of see invisible (left hand)
Wands
 w - a wand of polymorph (5)
 F - a wand of disintegration (16)
 G - a wand of iceblast (19)
 I - a wand of digging (6)
 J - a wand of scattershot (16)
 L - a wand of paralysis (10)
 N - a wand of acid (19)
Scrolls
 d - 2 scrolls of enchant weapon
 i - 12 scrolls of remove curse
 l - a scroll of immolation
 n - a scroll of silence
 p - 6 scrolls of fog
 q - 2 scrolls of fear
 r - 5 scrolls of blinking
 y - 5 scrolls of teleportation
 K - a scroll of enchant armour
 O - 2 scrolls of summoning
Potions
 a - a potion of cancellation {unknown}
 e - 6 potions of curing
 f - 8 potions of heal wounds
 g - 3 potions of agility
 j - 4 potions of haste
 t - 3 potions of mutation
 x - 6 potions of might
 z - a potion of resistance
 E - a potion of ambrosia
 H - a potion of degeneration {unknown}
 Q - a potion of berserk rage
 R - 2 potions of invisibility
Comestibles
 c - 30 rations


   Skills:
 + Level 13.5 Fighting
 + Level 12.5 Maces & Flails
 + Level 13.4 Armour
 + Level 10.6 Dodging


You had 13 spell levels left.
You didn't know any spells.
Your spell library was empty.

Dungeon Overview and Level Annotations

Branches:
Dungeon (10/15)            Temple (0/1) D:5            Lair (6/6) D:8
 Shoals (0/4) Lair:4        Snake (0/4) Lair:4          Orc (0/2) D:9
Ossuary (visited)          Bailey (visited)         Gauntlet (visited)
  Slime: Lair:5-6

Altars:
Ashenzari
Cheibriados
Dithmenos
Fedhas
Kikubaaqudgha
Nemelex Xobeh
Qazlal
Sif Muna
Trog
Vehumet
Wu Jian
Xom
Zin

Shops:
D:8 *

Portals:
Abyss: D:7

Annotations:
Lair:1 exclusion: 2 oklob plants


Innate Abilities, Weirdness & Mutations

You are resistant to torment.
Your stone body is resilient. (AC +10)
You are immune to poison.
Your large and strong wings let you fly indefinitely.
You resist negative energy. (rN+)
You are resistant to electric shocks. (rElec)
You can survive without breathing.
You are immune to petrification.
You are immune to rotting.


Message History

The eight-headed hydra bites you but does no damage.
The eight-headed hydra closely misses you.
The eight-headed hydra bites you but does no damage.
The water moccasin barely misses you.
You pound the eight-headed hydra like an anvil!!!
The eight-headed hydra is heavily wounded.
You hear an angry hiss.
You hear a loud, deep croak!
You hit the eight-headed hydra.
The eight-headed hydra is heavily wounded.
The water moccasin bites you.
* * * LOW HITPOINT WARNING * * *
The eight-headed hydra misses you.
The eight-headed hydra bites you but does no damage.
The eight-headed hydra bites you!
* * * LOW HITPOINT WARNING * * *
The eight-headed hydra bites you!
* * * LOW HITPOINT WARNING * * *
The eight-headed hydra bites you but does no damage.
The eight-headed hydra bites you!
You die...

...^...F..†.).........
..........†.†......=$...
..........†.<^.<.......P
.........F†.......#....#
............Y......#...
..................#...
................S.F#§# =
...............†DS.##...
...%............@.......
.............†...:...
..............!......
.................?...
.....................
..................
.................
.....[.....P....
...............


You could see an eight-headed hydra, a yak, 2 blink frogs and 2 water moccasins.

Vanquished Creatures
  Rupert (Lair:3)
  A minotaur (Gauntlet)
  A hydra (Lair:5)
  A ghost crab (Gauntlet)
  A two-headed ogre (D:8)
  9 death yaks
  The ghost of MoonlitKnight the Magician, a novice GnSk of Okawaru (D:7)
  An ugly thing (D:10)
  A merfolk siren (Lair:4)
  2 black mambas
  11 elephants
  A toenail golem (D:7)
  A gargoyle (D:9)
  6 spiny frogs
  A rime drake (Lair:3)
  Maggie (Lair:3)
  5 komodo dragons
  3 minotaur zombies (Gauntlet)
  A merfolk (Lair:4)
  A troll (D:9)
  A hornet (D:10)
  20 blink frogs
  Prince Ribbit (D:5)
  3 hippogriffs
  A snapping turtle (shapeshifter) (Gauntlet)
  A dream sheep (Lair:6)
  A tarantella (shapeshifter) (Gauntlet)
  39 yaks
  2 wraiths (D:10)
  A vampire (D:10)
  A human (D:7)
  A spriggan (shapeshifter) (Gauntlet)
  3 wyverns
  2 basilisks
  4 hogs (D:7)
  A neqoxec (Gauntlet)
  3 chaos spawn (Gauntlet)
  A steam dragon (D:10)
  Menkaure (D:7)
  2 nagas (Lair:4)
  9 porcupines
  Duvessa (D:7)
  15 water moccasins
  4 orc warriors
  3 sky beasts
  2 ice beasts
  3 phantoms
  A necrophage (D:9)
  7 ogres
  5 centaurs
  10 wolves
  5 crocodiles
  An elf zombie (Ossuary)
  2 big kobolds (D:10)
  6 gnoll sergeants (Bailey)
  Dowan (D:7)
  18 bullfrogs
  2 small abominations (D:7)
  A wyvern skeleton (D:10)
  A wyvern zombie (D:8)
  3 scorpions
  6 wights
  2 electric eels (D:6)
  2 howler monkeys
  A crimson imp (D:10)
  2 human zombies (Ossuary)
  2 centaur skeletons
  10 orc wizards
  Crazy Yiuf (D:3)
  4 gnoll shamans (Bailey)
  4 orc priests
  3 hounds
  4 jellies
  A bullfrog skeleton (D:5)
  11 worker ants
  3 iguanas
  12 hell rats (Lair:5)
  A big kobold zombie (Ossuary)
  A bullfrog simulacrum (D:9)
  A hound skeleton (D:5)
  4 mummies (Ossuary)
  A howler monkey zombie (D:7)
  3 worker ant zombies
  18 gnolls
  14 adders
  3 shadow imps
  2 white imps (D:7)
  An ooze (D:2)
  An adder zombie (Ossuary)
  2 adder skeletons (D:7)
  3 worms
  A dart slug (D:1)
  2 leopard geckos (D:4)
  36 orcs
  5 bats
  11 giant cockroaches
  7 goblins
  8 hobgoblins
  11 jackals
  3 quokkas
  3 ball pythons
  4 frilled lizards
  A gnoll zombie (Ossuary)
  A goblin zombie (Ossuary)
  3 jackal zombies
  7 kobolds
  2 kobold zombies (Ossuary)
  A leopard gecko zombie (D:7)
  An orc zombie (Ossuary)
  A quokka skeleton (D:5)
  7 rats
  A fungus (Lair:5)
478 creatures vanquished.

Vanquished Creatures (collateral kills)
  An oklob plant (Lair:4)
  2 gnoll sergeants (Bailey)
  2 gnoll shamans (Bailey)
  4 gnolls (Bailey)
9 creatures vanquished.

Vanquished Creatures (others)
  3 fungi (Lair:5)
  5 plants
8 creatures vanquished.

Grand Total: 495 creatures vanquished

Notes
Turn   | Place    | Note
-------+----------+-------------------------------------------
     0 | D:1      | Borgoz the Gargoyle Berserker began the quest for the Orb.
     0 | D:1      | Reached XP level 1. HP: 14/14 MP: 1/1
   492 | D:1      | Reached XP level 2. HP: 19/19 MP: 2/2
  1059 | D:2      | Reached XP level 3. HP: 13/24 MP: 3/3
  1266 | D:2      | Found a shimmering altar of Xom.
  1271 | D:2      | Found a bloodstained altar of Trog.
  1318 | D:2      | Reached ** piety under Trog
  1371 | D:2      | Reached XP level 4. HP: 29/29 MP: 4/4
  2003 | D:3      | Reached XP level 5. HP: 33/33 MP: 5/5
  2155 | D:3      | Found an ancient bone altar of Kikubaaqudgha.
  2233 | D:3      | Found a runed translucent door.
  2234 | D:3      | Noticed Crazy Yiuf
  2268 | D:3      | Found a blossoming altar of Fedhas.
  2303 | D:3      | Reached *** piety under Trog
  2319 | D:3      | Found a sparkling altar of Nemelex Xobeh.
  2354 | D:3      | Reached XP level 6. HP: 39/39 MP: 6/6
  2735 | D:3      | Killed Crazy Yiuf
  2913 | D:4      | Noticed a phantom
  2931 | D:4      | Killed a phantom
  2931 | D:4      | Reached skill level 5 in Fighting
  2931 | D:4      | Reached XP level 7. HP: 32/44 MP: 7/7
  3306 | D:4      | Found an ornate altar of the Wu Jian Council.
  3307 | D:4      | Found a shimmering blue altar of Sif Muna.
  3476 | D:4      | You fall into a shaft and drop 1 floor!
  3476 | D:5      | Entered Level 5 of the Dungeon
  3588 | D:5      | Reached skill level 5 in Maces & Flails
  3625 | D:5      | Noticed Prince Ribbit
  3636 | D:5      | Reached skill level 5 in Armour
  3661 | D:5      | Killed Prince Ribbit
  3661 | D:5      | Reached XP level 8. HP: 28/51 MP: 8/8
  3814 | D:5      | Found a shattered altar of Ashenzari.
  3815 | D:5      | Found a shadowy altar of Dithmenos.
  3886 | D:5      | Reached **** piety under Trog
  3990 | D:5      | Found a stormy altar of Qazlal.
  4017 | D:5      | Found a staircase to the Ecumenical Temple.
  4712 | D:6      | Found a glowing silver altar of Zin.
  4754 | D:6      | Found a sand-covered staircase.
  4771 | Ossuary  | Entered an ossuary
  5701 | D:6      | Reached XP level 9. HP: 38/56 MP: 9/9
  5880 | D:6      | Reached skill level 5 in Dodging
  6193 | D:7      | Reached ***** piety under Trog
  6193 | D:7      | Received a gift from Trog
  6239 | D:7      | Noticed Menkaure
  6245 | D:7      | Killed Menkaure
  6297 | D:7      | Found a transporter.
  6299 | D:7      | Noticed Duvessa
  6299 | D:7      | Noticed Dowan
  6314 | D:7      | Killed Duvessa
  6316 | D:7      | Killed Dowan
  6325 | D:7      | Found a snail-covered altar of Cheibriados.
  6501 | D:7      | Reached XP level 10. HP: 38/64 MP: 10/10
  6739 | D:7      | Noticed MoonlitKnight's ghost (novice GnSk)
  6740 | D:7      | Found a transporter.
  6797 | D:7      | Found a flagged portal.
  6811 | Bailey   | Entered a bailey
  7682 | D:7      | Found a one-way gate to the infinite horrors of the Abyss.
  7689 | D:7      | Noticed a toenail golem
  8121 | D:8      | Noticed a two-headed ogre
  8129 | D:8      | Killed a two-headed ogre
  8140 | D:8      | Received a gift from Trog
  8143 | D:8      | Found a radiant altar of Vehumet.
  8465 | D:8      | Found Uribre's General Store.
  8672 | D:8      | Found a staircase to the Lair.
  8957 | D:9      | Reached XP level 11. HP: 71/71 MP: 11/11
  9394 | D:9      | Found a staircase to the Orcish Mines.
  9418 | D:9      | Reached skill level 10 in Fighting
  9874 | D:9      | Reached skill level 10 in Armour
  9901 | D:10     | Entered Level 10 of the Dungeon
  9966 | D:10     | Received a gift from Trog
 10010 | D:10     | Noticed a brown ugly thing
 10023 | D:10     | Killed a brown ugly thing
 10719 | D:10     | Reached skill level 10 in Maces & Flails
 10726 | D:10     | Reached XP level 12. HP: 53/79 MP: 12/12
 11121 | D:7      | Received a gift from Trog
 11139 | D:7      | Killed MoonlitKnight's ghost
 11272 | Lair:1   | Entered Level 1 of the Lair of Beasts
 11551 | Lair:1   | Found an ornate altar of the Wu Jian Council.
 13040 | Lair:3   | Noticed Rupert
 13064 | Lair:3   | Killed Rupert
 13108 | Lair:3   | Noticed a death yak
 13117 | Lair:3   | Noticed a death yak
 13119 | Lair:3   | Noticed a death yak
 13120 | Lair:3   | Killed a death yak
 13134 | Lair:3   | Killed a death yak
 13138 | Lair:3   | Killed a death yak
 13725 | Lair:3   | Noticed Maggie
 13732 | Lair:3   | Killed Maggie
 14270 | Lair:4   | Reached XP level 13. HP: 80/86 MP: 13/13
 14570 | Lair:4   | Found a staircase to the Snake Pit.
 15444 | Lair:4   | Found a staircase to the Shoals.
 15816 | Lair:5   | Found a gate leading to a gauntlet.
 15883 | Lair:5   | Reached skill level 10 in Dodging
 15931 | Gauntlet | Entered a Gauntlet
 15931 | Gauntlet | Found a transporter.
 15948 | Gauntlet | Found a transporter.
 15950 | Gauntlet | Found a transporter.
 15961 | Gauntlet | Found a transporter.
 15962 | Gauntlet | Found a transporter.
 15972 | Gauntlet | Found a transporter.
 15988 | Gauntlet | Found a transporter.
 15996 | Gauntlet | Found a runed translucent door.
 15999 | Gauntlet | Found a transporter.
 16008 | Gauntlet | Found a runed translucent gate.
 16009 | Gauntlet | Found a transporter.
 16009 | Gauntlet | Found a runed translucent gate.
 16012 | Gauntlet | Found a runed translucent gate.
 16016 | Gauntlet | Found a transporter.
 16016 | Gauntlet | Found a transporter.
 16018 | Gauntlet | Found a transporter.
 16020 | Gauntlet | Found a runed translucent door.
 16054 | Gauntlet | Found a transporter.
 16055 | Gauntlet | Found a runed translucent door.
 16106 | Gauntlet | Found a transporter.
 16362 | Gauntlet | Got a bound jade ring
 16367 | Gauntlet | Identified the ring "Fexzi" {rElec rF- rN+++ EV+1 Dex-3}
                  | (You found it in a Gauntlet)
 16379 | Gauntlet | Noticed a minotaur
 16392 | Gauntlet | Killed a minotaur
 16400 | Gauntlet | Identified the Almanac of Creative Changing
 16554 | Lair:5   | Gained mutation: Your large and strong wings let you fly
                  | indefinitely. [Gargoyle growth]
 16554 | Lair:5   | Reached XP level 14. HP: 42/94 MP: 6/14
 17009 | Lair:5   | Received a gift from Trog
 17024 | Lair:5   | Got a steaming dire flail {god gift}
 17063 | Lair:5   | Identified the +4 dire flail of Crawling {antimagic, rF++
                  | Str+3} (Trog gifted it to you on level 5 of the Lair of
                  | Beasts)
 17686 | Lair:6   | Entered Level 6 of the Lair of Beasts
 17797 | Lair:6   | Slain by an eight-headed hydra

Levels and vault maps discovered:
D:1:      sevenhm_arrival_forest_fort_small_3, layout_loops_ring
D:2:      layout_basic, minitemple, first_ration, lemuel_old_faithful
D:3:      layout_basic, grunt_temple_overflow_growth_and_decay,
          nemelex_xobeh_ov_fountains_minmay, uniq_crazy_yiuf_cottage
D:4:      layout_basic, gammafunk_temple_overflow_pools, serial_park_tiny_2
D:5:      layout_cave_pods, kennysheep_mini, gammafunk_temple_overflow_statue,
          temple_green, uniq_prince_ribbit1
D:6:      wad_lake_hut, layout_cave_pools, zin_academy,
          nicolae_ossuary_entry_ruins
D:7:      layout_basic, cheibriados_altar_1, enter_bailey_6,
          gammafunk_ghost_abyssal_escape, grunt_livestock, uniq_menkaure,
          uniq_duvessa
D:8:      layout_gridville, vehumet_altar_wand_db,
          grunt_lair_entry_orc_guard_hut, serial_shops, nicolae_shop_statue_plus
D:9:      layout_rooms, orc_0_dummy, st_stairs_9, grunt_tough_drop
D:10:     minmay_s_stair_smasher, layout_small_grid, special_room
          [special_room_orc]
Lair:1:   layout_gridlike, st_stairs_7, minmay_lair_oklob_bushes,
          lemuel_oklob_altar
Lair:2:   layout_misc_corridors, grunt_megastairs_2
Lair:3:   layout_regular_city, uniq_maggie, uniq_rupert
Lair:4:   layout_gridlike, elwin_shoals_entry_rooms, guppyfry_snake_entry_garden
Lair:5:   layout_regular_city, gauntlet_entry_generic, minivault_25,
          grunt_megastairs_4
Lair:6:   grunt_lair_end_beastmaster, layout_gridlike, slime_altar_1,
          portal_ice_cave_demonic_guard, minmay_lair_oklob_chamber,
          lemuel_fruit_tree, infiniplex_staircase_pool, uniq_urug

Skill      XL: |  1  2  3  4  5  6  7  8  9 10 11 12 13 |
---------------+----------------------------------------+-----
Dodging        | 2 3 4 6 7 8 9 10 | 10.6
Armour         | 3 4 5 6 7 9 10 11 13 | 13.4
Fighting       | 4 5 6 8 9 10 12 13 | 13.5
Maces & Flails | 4 5 6 7 8 10 11 12 | 12.5

Action                   |  1- 3 |  4- 6 |  7- 9 | 10-12 | 13-15 || total
-------------------------+-------+-------+-------+-------+-------++-------
Melee: Mace              |    66 |       |       |       |       ||    66
       Whip              |    23 |   139 |   362 |       |       ||   524
       Great mace        |       |       |    64 |   350 |       ||   414
       Dire flail        |       |       |       |   406 |   552 ||   958
Throw: Throwing net      |       |       |       |       |     2 ||     2
Invok: Berserk           |       |       |     2 |     4 |     5 ||    11
       Trog's Hand       |       |       |       |     4 |     5 ||     9
       Brothers in Arms  |       |       |       |     2 |     3 ||     5
Evoke: Wand              |       |       |       |       |     2 ||     2
  Use: Scroll            |       |       |    11 |    15 |     7 ||    33
       Potion            |       |       |     2 |       |       ||     2
 Stab: Held in net/web   |       |       |       |       |     1 ||     1
  Eat: Chunk             |     1 |     5 |    14 |    31 |    11 ||    62
       Ration            |       |       |       |       |     3 ||     3
Armor: Ring mail         |    55 |    44 |   247 |    94 |       ||   440
       Plate armour      |       |       |       |   479 |   461 ||   940
Dodge: Dodged            |    56 |    72 |   400 |   569 |   518 ||  1615

Table legend:
 A = Non-vault XP
 B = Vault XP
 C = Vault XP percentage of total XP
 D = Non-vault monster count
 E = Vault monster count
 F = Vault count percentage of total count
                 A         B        C        D         E       F
            +---------+---------+-------+---------+---------+-------
      Total |   45282 |   20064 |  30.7 |     337 |     149 |  30.7
            +---------+---------+-------+---------+---------+-------
        D:1 |      22 |       0 |   0.0 |      13 |       0 |   0.0
        D:2 |      94 |       0 |   0.0 |      23 |       0 |   0.0
        D:3 |     269 |      41 |  13.2 |      36 |       1 |   2.7
        D:4 |     386 |       0 |   0.0 |      12 |       0 |   0.0
        D:5 |     606 |     259 |  29.9 |      20 |       1 |   4.8
        D:6 |     797 |       0 |   0.0 |      25 |       0 |   0.0
        D:7 |    1535 |    3006 |  66.2 |      26 |      15 |  36.6
        D:8 |    1765 |     647 |  26.8 |      13 |       6 |  31.6
        D:9 |    3412 |    1184 |  25.8 |      23 |       9 |  28.1
       D:10 |    3137 |    1661 |  34.6 |      29 |      34 |  54.0
     Lair:1 |    1416 |     525 |  27.0 |       6 |       2 |  25.0
     Lair:2 |     995 |       0 |   0.0 |       8 |       0 |   0.0
     Lair:3 |    5295 |    3459 |  39.5 |      20 |       2 |   9.1
     Lair:4 |    6822 |    1105 |  13.9 |      23 |       4 |  14.8
     Lair:5 |   13987 |    1569 |  10.1 |      40 |      13 |  24.5
     Lair:6 |    4744 |     606 |  11.3 |      20 |       4 |  16.7
    Ossuary |       0 |     295 | 100.0 |       0 |      16 | 100.0
     Bailey |       0 |    1065 | 100.0 |       0 |      30 | 100.0
   Gauntlet |       0 |    4642 | 100.0 |       0 |      12 | 100.0
            +---------+---------+-------+---------+---------+-------
